 Dungeon Crawl Stone Soup version 0.30.0-20-g3615ddf2f0 (webtiles) character file.

Game seed: 12000912746062582990

11 qw the Shield-Bearer (level 2, -2/19 HPs)
             Began as a Gargoyle Fighter on May 31, 2023.
             Slain by a worm (8 damage)
             ... on level 2 of the Dungeon.
             The game lasted 00:00:16 (929 turns).

qw the Shield-Bearer (Gargoyle Fighter)              Turns: 929, Time: 00:00:17

Health: -2/19      AC: 11    Str: 19    XL:     2   Next: 29%
Magic:  2/2        EV:  7    Int:  8    God:
Gold:   79         SH:  4    Dex:  9    Spells: 1/1 levels left

rFire   . . .        Y - +0 war axe
rCold   . . .        c - +0 buckler
rNeg    + . .        j - +0 chain mail
rPois   inf          (no helmet)
rElec   +            (no cloak)
rCorr   .            (no gloves)
SInv    .            (no boots)
Will    .....        (no amulet) Stlth
                     (no ring)
HPRegen 0.23/turn    (no ring)
MPRegen 0.08/turn

%: no passive effects
@: no status effects
A: sickness immunity, AC +2, negative energy resistance 1, electricity
resistance, torment resistance 1, petrification resistance
a: no special abilities


You were on level 2 of the Dungeon.
You visited 1 branch of the dungeon, and saw 2 of its levels.

You collected 79 gold pieces.


Innate Abilities, Weirdness & Mutations

You are immune to sickness and miasma.
Your stone body is resilient. (AC +2)
You are immune to poison.
You resist negative energy. (rN+)
You are resistant to electric shocks. (rElec)
You are resistant to unholy torment.
You are immune to petrification.


   Skills:
 - Level 3.2 Fighting
 + Level 2.6 Axes
 - Level 3.2 Armour
 - Level 3.2 Shields


You had one spell level left.
You didn't know any spells.
Your spell library was empty.

Inventory:

Hand Weapons
 e - a +0 whip
 Y - a +0 war axe (weapon)
Armour
 c - a +0 buckler (worn)
 j - a +0 chain mail (worn)
Potions
 d - a potion of might
 f - a potion of mutation {unknown}

Dungeon Overview and Level Annotations

Branches:
Dungeon (2/15)

Altars:


Message History

Your butterfly looks even sicker.
You kill your butterfly!
Your butterfly disappears in a burst of colours!
Your butterfly is engulfed in poison gas.
Your butterfly looks even sicker.
You kill your butterfly!
Your butterfly disappears in a burst of colours!
Done exploring.
(D) Dungeon
Where to? (* - list waypoints, ? - help)
What level of the Dungeon? (default 1, ? - help)
You kill your butterfly!
Your butterfly disappears in a burst of colours!
There is a stone staircase leading down here.
You climb downwards.
Found a stone staircase leading up.
There is a stone staircase leading up here.
Waypoint 1 assigned to D:2.
A worm comes into view.
You hit the worm.
The worm is lightly wounded.
You hit the worm.
The worm is moderately wounded.
The worm bites you.
You hit the worm.
The worm is heavily wounded.
The worm bites you!
You hit the worm but do no damage.
The worm is heavily wounded.
The worm bites you.
You hit the worm.
The worm is severely wounded.
You block the worm's attack.
You hit the worm.
The worm is severely wounded.
The worm barely misses you.
You hit the worm.
The worm is severely wounded.
The worm bites you!
You die...

##.... .#.... #...#.
...#..
##.#.#.#######......
...........#.....#.#
#..................#
...........<.......#
...................#
..#..###.###.<.....#
.......@.#
##........
#.....w### #........
#.....# #........
...... .....#...
#.... .##.## .#
#.... . .. . #... ##
... ....


You could see a worm.

Vanquished Creatures
  A ball python (D:1)
  3 bats (D:1)
  2 goblins (D:1)
  A hobgoblin (D:1)
  2 kobolds (D:1)
  A rat (D:1)
10 creatures vanquished.

Notes
Turn   | Place    | Note
-------+----------+-------------------------------------------
     0 | D:1      | qw the Gargoyle Fighter began the quest for the Orb.
     0 | D:1      | Reached XP level 1. HP: 14/14 MP: 1/1
     0 | D:1      | 0 ||| qw: Version: 0.2-a-102-gfc559e5
     0 | D:1      | 0 ||| qw: Game counter: 584
     0 | D:1      | 0 ||| qw: Always use a shield: true
     0 | D:1      | 0 ||| qw: God list: Okawaru
     0 | D:1      | 0 ||| qw: Allow faded altars: false
     0 | D:1      | 0 ||| qw: Do Orc after D:15 true
     0 | D:1      | 0 ||| qw: Do second Lair branch before Depths: true
     0 | D:1      | 0 ||| qw: Lair rune preference: random
     0 | D:1      | 0 ||| qw: Plans: Normal, Zot:1-4, Slime:5, God:TSO, Crypt,
                  | Tomb, Pan, Hells, Abyss, Win
     0 | D:1      | 0 ||| PLANNING D:1-11
   355 | D:1      | Reached XP level 2. HP: 15/19 MP: 2/2
   875 | D:1      | 875 ||| UPGRADING to +0 chain mail.
   885 | D:1      | 885 ||| DROPPING +0 scale mail.
   886 | D:1      | 886 ||| READING scroll labelled FEVUNU ARIMMOPP.
   887 | D:1      | 887 ||| READING scroll labelled BAEDWU TUWETY.
   888 | D:1      | 888 ||| READING scroll labelled ASEHIFELIFF.
   929 | D:2      | Slain by a worm

Levels and vault maps discovered:
D:1:      dpeg_arrival_more_subterranean_lakeside_camping, layout_basic
D:2:      layout_rooms, uniq_sigmund, uniq_crazy_yiuf_cottage

Skill      XL: |  1 |
---------------+----+-----
Axes           | 2 |  2.6
Fighting       | |  3.2
Armour         | |  3.2
Shields        | |  3.2

Action                     || total
---------------------------++-------
  Melee: War axe           ||    25
    Use: Scroll            ||     3
 Armour: Scale mail        ||     7
  Dodge: Dodged            ||     9
  Block: Buckler           ||     5

Table legend:
 A = Non-vault XP
 B = Vault XP
 C = Vault XP percentage of total XP
 D = Non-vault monster count
 E = Vault monster count
 F = Vault count percentage of total count
                 A         B        C        D         E       F
            +---------+---------+-------+---------+---------+-------
      Total |      17 |       0 |   0.0 |      10 |       0 |   0.0
            +---------+---------+-------+---------+---------+-------
        D:1 |      17 |       0 |   0.0 |      10 |       0 |   0.0
            +---------+---------+-------+---------+---------+-------
